 Dungeon Crawl Stone Soup version 0.25-a0-294-gea9b1ad (webtiles) character file.

Game seed: 4248889267748178771, levelgen mode: deterministic

196 MrTaco21 the Cudgeler (level 5, -10/32 HPs)
             Began as a Gargoyle Fighter on Dec 17, 2019.
             Killed by divine providence
             ... invoked by an orc priest
              (12 damage)
             ... on level 3 of the Dungeon.
             The game lasted 00:05:12 (2135 turns).

MrTaco21 the Cudgeler (Gargoyle Fighter)            Turns: 2135, Time: 00:05:13

Health: -10/32     AC: 12    Str: 20    XL:     5   Next: 74%
Magic:  5/5        EV:  7    Int:  9    God:
Gold:   83         SH:  9    Dex:  9    Spells: 4/4 levels left

rFire    . . .     SeeInvis .   a - +0 flail
rCold    . . .     Gourm    .   c - +0 shield
rNeg     + . .     Faith    .   b - +0 scale mail
rPois    ∞         Spirit   .   (no helmet)
rElec    +         Reflect  .   g - +0 cloak
rCorr    .         Harm     .   (no gloves)
MR       .....                  (no boots)
Stlth    ..........             (no amulet)
HPRegen  0.10/turn              (no ring)
MPRegen  0.09/turn              (no ring)

@: no status effects
A: negative energy resistance 1, electricity resistance, unbreathing,
petrification resistance, rot immunity, AC +4
a: no special abilities


You were on level 3 of the Dungeon.
You were not hungry.

You visited 1 branch of the dungeon, and saw 3 of its levels.

You collected 83 gold pieces.

Inventory:

Hand Weapons
 a - a +0 flail (weapon)
Armour
 b - a +0 scale mail (worn)
 c - a +0 shield (worn)
 g - a +0 cloak (worn)
   (You found it on level 1 of the Dungeon)
Scrolls
 k - a scroll of identify {unknown}
 l - 3 scrolls of remove curse {unknown}
 p - 2 scrolls of teleportation {unknown}
Potions
 d - a potion of might
 f - a potion of haste {unknown}
 h - a potion of heal wounds {unknown}
 i - a potion of invisibility {unknown}
 j - 4 potions of curing {unknown}
 n - a potion of flight {unknown}
 o - a potion of berserk rage {unknown}
Comestibles
 e - 2 rations {!d}


   Skills:
 - Level 3.2 Fighting
 + Level 5.8 Maces & Flails
 - Level 3.2 Armour
 - Level 3.2 Shields


You had 4 spell levels left.
You didn't know any spells.
Your spell library was empty.

Dungeon Overview and Level Annotations

Branches:
Dungeon (3/15)

Altars:


Innate Abilities, Weirdness & Mutations

You are resistant to torment.
Your stone body is resilient. (AC +4)
You are immune to poison.
You resist negative energy. (rN+)
You are resistant to electric shocks. (rElec)
You can survive without breathing.
You are immune to petrification.
You are immune to rotting.


Message History

There is a stone staircase leading down here.
You start resting.
Some of the chunks of flesh in your inventory have rotted away. x2
Eating a chunk of flesh.
You eat the chunk of flesh.
You climb downwards.
The orc hits you but does no damage.
The orc hits you with a +2 short sword of protection.
The orc hits you but does no damage.
There is a stone staircase leading up here.
The orc hits you with a +2 short sword of protection.
You block the orc's attack.
You climb upwards.
There is a stone staircase leading down here.
You hit the orc. You block the orc's attack. The orc hits you.
You sock the orc!
You kill the orc!
The orc hits you but does no damage.
You hit the orc.
The orc hits you with a +2 short sword of protection. x2
You sock the orc!
You kill the orc!
No target in view!
You start resting.
You climb downwards.
There is a stone staircase leading up here.
The orc priest hits you but does no damage.
The orc priest calls down the wrath of Beogh upon you.
Beogh smites you!
You hit the orc priest but do no damage.
You block the orc priest's attack.
You hit the orc priest. You block the orc priest's attack.
The orc priest hits you but does no damage.
You sock the orc priest!
You kill the orc priest!
The orc priest hits you with a +0 hand axe.
The orc priest barely misses you.
Things that are here:
a +1 mace of protection; an orc corpse You closely miss the orc priest.
The orc priest miscasts a cantrip.
You barely miss the orc priest.
The orc priest hits you but does no damage.
You hit the orc priest.
The orc priest invokes the aid of Beogh against you.
Beogh smites you!
Ouch! That really hurt!
* * * LOW HITPOINT WARNING * * *
The orc priest hits you but does no damage.
The orc priest mumbles some strange prayers to Beogh against you.
Beogh smites you!
You die...

#.##.##.#
#......#.......
#.##.##.#
#........##.#..
#.##..#.#
#......####....
#.###.#.# #......#
#..... #.......#
#......###.###o
#####.###
#######.##.##.#
#.############)#.#.##
####.#........####...##
#......@##.###.####o##
#.##.#...).####.# #.#
#.##.#...o...##.###.#
#.##.......#.....oo.#
#)####..##.###.######
#.####........##
#.......#######
#########


You could see an orc priest.

Vanquished Creatures
  2 orc priests (D:3)
  7 adders
  An ooze (D:3)
  2 worms (D:3)
  2 dart slugs (D:1)
  3 leopard geckos
  8 orcs
  2 bats
  4 giant cockroaches
  4 hobgoblins
  A quokka (D:3)
  2 frilled lizards
  A goblin (D:3)
  10 kobolds
  8 rats
57 creatures vanquished.

Notes
Turn   | Place    | Note
-------+----------+-------------------------------------------
     0 | D:1      | MrTaco21 the Gargoyle Fighter began the quest for the Orb.
     0 | D:1      | Reached XP level 1. HP: 14/14 MP: 1/1
    94 | D:1      | Reached XP level 2. HP: 14/19 MP: 2/2
   336 | D:1      | Reached skill level 3 in Maces & Flails
   625 | D:2      | Reached XP level 3. HP: 20/23 MP: 3/3
   805 | D:2      | Reached skill level 4 in Maces & Flails
   883 | D:2      | Reached XP level 4. HP: 23/28 MP: 4/4
  1210 | D:3      | Reached skill level 5 in Maces & Flails
  1213 | D:3      | Reached XP level 5. HP: 16/32 MP: 5/5
  1567 | D:3      | Found a faded altar of an unknown god.
  1761 | D:3      | HP: 1/32 [orc priest/divine providence (14)]
  2135 | D:3      | Killed from afar by an orc priest

Levels and vault maps discovered:
D:1:      tarquinn_simple_flora_water_e, layout_basic
D:2:      layout_rooms
D:3:      layout_loops_cross, chequers_ecumenical_altar_simple

Skill      XL: |  1  2  3  4 |
---------------+-------------+-----
Maces & Flails | 3 4 5 |  5.8
Fighting       | |  3.2
Armour         | |  3.2
Shields        | |  3.2

Action                   |  1- 3 |  4- 6 || total
-------------------------+-------+-------++-------
Melee: Flail             |   109 |   130 ||   239
  Eat: Chunk             |       |     4 ||     4
Armor: Scale mail        |    60 |    51 ||   111
Dodge: Dodged            |    40 |    32 ||    72
Block: Shield            |    70 |    68 ||   138

Table legend:
 A = Non-vault XP
 B = Vault XP
 C = Vault XP percentage of total XP
 D = Non-vault monster count
 E = Vault monster count
 F = Vault count percentage of total count
                 A         B        C        D         E       F
            +---------+---------+-------+---------+---------+-------
      Total |     280 |       0 |   0.0 |      57 |       0 |   0.0
            +---------+---------+-------+---------+---------+-------
        D:1 |      23 |       0 |   0.0 |      13 |       0 |   0.0
        D:2 |      88 |       0 |   0.0 |      16 |       0 |   0.0
        D:3 |     169 |       0 |   0.0 |      28 |       0 |   0.0
            +---------+---------+-------+---------+---------+-------
